 Dungeon Crawl Stone Soup version 0.26.1-10-gdfb7c7de75 (webtiles) character file.

Game seed: 8010128865677765578

4469 Phaedo the Covert (level 10, -11/63 HPs)
             Began as an Octopode Delver on Apr 7, 2021.
             Was an Elder of Trog.
             Killed by the air
             ... invoked by Gastronok
              (30 damage)
             ... on level 8 of the Dungeon.
             The game lasted 00:24:37 (11326 turns).

Phaedo the Covert (Octopode Delver)                Turns: 11326, Time: 00:24:38

Health: -11/63     AC:  1    Str: 14    XL:     10   Next: 37%
Magic:  10/10      EV: 16    Int: 13    God:    Trog [****..]
Gold:   415        SH: 12    Dex: 14    Spells: 9/9 levels left

rFire    . . .     SeeInvis .   a - +5 spear
rCold    . . .     Faith    .   t - +1 kite shield
rNeg     . . .     Spirit   .   (helmet restricted)
rPois    .         Reflect  .   (no amulet)
rElec    .         Harm     .   (no ring)
rCorr    .         Rampage  .   (no ring)
Will     .....                  (no ring)
Stlth    ++++++....             (no ring)
HPRegen  0.20/turn              (no ring)
MPRegen  0.12/turn              (no ring)
                                (no ring)
                                (no ring)

@: berserk cooldown, slowed, very slow
A: almost no armour, stealthy swim, amphibious, 8 rings, constrict 8, camouflage
1, gelatinous body 1
a: Renounce Religion, Berserk, Trog's Hand, Brothers in Arms


You were on level 8 of the Dungeon.
You worshipped Trog.
Trog was greatly pleased with you.
You visited 1 branch of the dungeon, and saw 9 of its levels.

You collected 415 gold pieces.

Inventory:

Hand Weapons
 a - a +5 spear (weapon)
 G - the +5 rapier "Gaxu" {freeze, SInv}
   (You found it on level 7 of the Dungeon)

   It has been specially enchanted to freeze those struck by it, causing extra
   injury to most foes and up to half again as much damage against particularly
   susceptible opponents.
   It can also slow down cold-blooded creatures.
   It lets you see invisible.
 K - a +0 spear
Missiles
 h - 216 stones (quivered)
 k - a throwing net
 u - 31 poisoned darts
Armour
 t - a +1 kite shield (worn)
Jewellery
 A - an uncursed ring of ice
 I - a +6 ring of intelligence {unknown}
Wands
 f - a wand of digging (3)
 y - a wand of paralysis (16)
 E - a wand of random effects (25)
 J - a wand of iceblast (9)
 L - a wand of flame (13)
Scrolls
 b - 2 scrolls of fog
 c - 3 scrolls of magic mapping
 d - 3 scrolls of fear
 g - 10 scrolls of teleportation
 j - 2 scrolls of identify
 l - 3 scrolls of amnesia
 m - 2 scrolls of enchant armour
 s - 5 scrolls of remove curse
 v - a scroll of immolation
 w - a scroll of blinking {unknown}
Potions
 e - a potion of ambrosia {unknown}
 i - 3 potions of attraction
 n - a potion of berserk rage {unknown}
 o - 2 potions of lignification {unknown}
 p - a potion of heal wounds {unknown}
 q - a potion of degeneration {unknown}
 r - 2 potions of cancellation {unknown}
 x - 2 potions of haste
 z - 3 potions of resistance {unknown}
 B - a potion of mutation {unknown}
 C - 2 potions of invisibility {unknown}
 D - 2 potions of curing {unknown}
 H - 2 potions of flight {unknown}
Miscellaneous
 F - a lightning rod (4/4)


   Skills:
 - Level 3.0 Fighting
 - Level 2.9 Short Blades
 + Level 6.1 Polearms
 + Level 7.0 Dodging
 + Level 11.3 Stealth
 * Level 8.5 Shields
 + Level 3.6 Evocations


You had 9 spell levels left.
You didn't know any spells.
Your spell library was empty.

Dungeon Overview and Level Annotations

Branches:
Dungeon (9/15)             Temple (0/1) D:7
   Lair: D:8-11         Orc: D:9-12

Altars:
Cheibriados
Qazlal
Trog
Uskayaw
Zin

Shops:
D:4 (   D:6 *

Annotations:
D:5 1 runed translucent door, berlonaut's ghost, novice GnWn
D:8 Gastronok


Innate Abilities, Weirdness & Mutations

You cannot wear most types of armour.
You are very stealthy in the water. (Stealth+)
You are amphibious.
You can wear up to eight rings at the same time.
You can use your tentacles to constrict eight enemies at once.
Your skin changes colour to match your surroundings (Stealth+).
Your rubbery body absorbs attacks. (AC +1, EV +1)


Message History

You puncture Gastronok!
Gastronok is lightly wounded.
You are no longer berserk.
You are exhausted.
You feel yourself slow down. You block the rat's attack. Gastronok bites you!!
Ouch! That really hurt!
Unknown command.
You block the river rat's attack. The river rat bites you.
* * * LOW HITPOINT WARNING * * *
You block the rat's attack.
Use which ability? (? or * to list) Use which ability? (? or * to list)
You fail to use your ability.
The river rat misses you. You block the rat's attack.
Use which ability? (? or * to list)
You fail to use your ability.
You block the river rat's attack. The rat misses you.
Gastronok waves his eye-stalks in wide circles.
The air twists around and strikes you!!
You die...

#......... ...#..F.......#.#
....##### #..###..######.#####
##..#### #.......##.........#
##....## ####.###...##.........#
##.#..# #.....................#
#....# #.......##.##.........#
######..###....>..##.##.........#
....).=...........##.#....§.....#
######.#.##.....@w#..#.....§....§
# #...÷...)..rr..##....§§≈...≈
### ##.#.).......####...§.≈≈≈≈..
..# #....#)#.########.§§§##§≈#≈.
..# #..###............§.§≈≈§§'..
..###....##............§§#≈§§§#.≈
.........#.............§≈≈≈>§§§.§
.....#................§§≈≈≈§≈≈§§.
....##..................≈##≈##≈§§


You could see Gastronok (swift), a river rat (summoned) and a rat (summoned).

Vanquished Creatures
  Prince Ribbit (D:6)
  A hornet (D:7)
  Menkaure (D:4)
  Duvessa (D:7)
  2 orc warriors
  3 ice beasts
  3 black bears
  A sky beast (D:6)
  3 ogres
  4 centaurs
  2 big kobolds
  6 bullfrogs
  A water moccasin zombie (D:7)
  Dowan (D:7)
  A scorpion (D:5)
  2 wyvern skeletons (D:8)
  A killer bee (D:8)
  5 wights (D:8)
  4 howler monkeys
  3 centaur zombies
  A quasit (D:5)
  9 orc wizards
  3 hounds (D:7)
  2 centaur skeletons (D:5)
  4 orc priests
  A bullfrog skeleton (D:7)
  4 iguanas
  4 worker ants
  7 gnolls
  15 adders
  3 white imps
  6 ufetubi
  2 oozes
  An adder zombie (D:5)
  2 adder skeletons
  3 dart slugs
  2 leopard geckos
  28 orcs
  A giant cockroach (D:3)
  11 goblins
  3 hobgoblins
  14 jackals
  8 quokkas
  12 bats
  6 frilled lizards
  10 kobolds
  13 rats
221 creatures vanquished.

Notes
Turn   | Place    | Note
-------+----------+-------------------------------------------
     0 | D:5      | Phaedo the Octopode Delver began the quest for the Orb.
     0 | D:5      | Reached XP level 1. HP: 16/16 MP: 1/1
    95 | D:5      | Noticed a quasit
   117 | D:4      | Found Ilyogei's Weapon Emporium.
   192 | D:4      | Noticed an iguana
   202 | D:4      | Noticed a worker ant
   213 | D:4      | Noticed a worker ant
   260 | D:4      | Killed a worker ant
   261 | D:4      | Reached skill level 7 in Stealth
   261 | D:4      | Reached XP level 2. HP: 6/21 MP: 2/2
   261 | D:4      | Reached XP level 3. HP: 7/26 MP: 3/3
   834 | D:4      | Noticed an ogre
   843 | D:4      | Reached XP level 4. HP: 16/31 MP: 4/4
  1067 | D:4      | Found a snail-covered altar of Cheibriados.
  1419 | D:3      | Reached XP level 5. HP: 28/36 MP: 5/5
  1575 | D:2      | Found a stormy altar of Qazlal.
  1575 | D:2      | Found a bloodstained altar of Trog.
  1597 | D:2      | Became a worshipper of Trog the Wrathful
  1698 | D:2      | Found a faded altar of an unknown god.
  2634 | D:1      | Reached * piety under Trog
  2915 | D:2      | Reached skill level 1 in Shields
  2918 | D:2      | Reached skill level 8 in Stealth
  2928 | D:2      | Reached XP level 6. HP: 42/42 MP: 6/6
  3963 | D:3      | Reached ** piety under Trog
  4739 | D:4      | Noticed Menkaure
  4745 | D:4      | Killed Menkaure
  4746 | D:4      | Reached XP level 7. HP: 46/46 MP: 7/7
  5648 | D:5      | Noticed berlonaut's ghost (novice GnWn)
  5650 | D:5      | Found a runed translucent door.
  5787 | D:5      | Reached skill level 9 in Stealth
  5915 | D:5      | Reached XP level 8. HP: 45/52 MP: 8/8
  6184 | D:5      | Found a snail-covered altar of Cheibriados.
  6530 | D:6      | Reached skill level 5 in Dodging
  6533 | D:6      | Reached skill level 5 in Polearms
  6714 | D:6      | Noticed Prince Ribbit
  6726 | D:6      | Killed Prince Ribbit
  6727 | D:6      | Reached skill level 5 in Shields
  6885 | D:6      | Found Zin's Purification Station.
  6887 | D:6      | Found a glowing silver altar of Zin.
  6953 | D:6      | Reached skill level 10 in Stealth
  6993 | D:6      | Reached *** piety under Trog
  7009 | D:6      | Reached XP level 9. HP: 54/56 MP: 9/9
  7737 | D:7      | Got an encrusted rapier
  7792 | D:7      | Identified the +5 rapier "Gaxu" {freeze, SInv} (You found
                  | it on level 7 of the Dungeon)
  7806 | D:7      | Found a hide-covered altar of Uskayaw.
  8118 | D:7      | Found a staircase to the Ecumenical Temple.
  8120 | D:7      | Reached skill level 1 in Evocations
  8123 | D:7      | Noticed Duvessa
  8128 | D:7      | Noticed Dowan
  8136 | D:7      | Killed Dowan
  8137 | D:7      | Reached skill level 1 in Short Blades
  8137 | D:7      | Killed Duvessa
  8911 | D:7      | Noticed a hornet
  8922 | D:7      | Killed a hornet
  9948 | D:8      | Reached XP level 10. HP: 61/63 MP: 10/10
  9952 | D:8      | Reached skill level 11 in Stealth
  9972 | D:8      | Reached **** piety under Trog
 10476 | D:8      | Noticed Gastronok
 10484 | D:8      | Paralysed by a centaur for 2 turns
 10502 | D:8      | Found a stormy altar of Qazlal.
 11267 | D:8      | Found a stormy altar of Qazlal.
 11326 | D:8      | Killed from afar by Gastronok

Illustrated notes

Levels and vault maps discovered:
D:1:      erik_arrival_cave_to_civilisation [erik_arrival_cave_to_hall],
          layout_basic
D:2:      layout_basic, chequers_temple_overflow_statue_of_worship,
          chequers_ecumenical_altar_island, minmay_tetromino_l4
D:3:      layout_loops_corners, columned_hall_lemuel
D:4:      layout_loops_ring, serial_shops, shop, minmay_ruined_shrine,
          uniq_menkaure
D:5:      layout_loops_ring, hellmonk_ghost_happy_afterlife,
          kennysheep_slug_shrine
D:6:      layout_loops_cross, zin_purify, minivault_5, uniq_prince_ribbit1
D:7:      layout_basic, minmay_temple_entry_butterflies, basic_altar,
          uniq_duvessa
D:8:      minmay_s_stair_smasher, layout_rooms, minitemple, basic_altar,
          nicolae_qazlal_general_emergency, uniq_gastronok
D:9:      layout_cave_pods

Skill      XL: |  1  2  3  4  5  6  7  8  9 10 |
---------------+-------------------------------+-----
Stealth        | 7 8 9 10 11 | 11.3
Polearms       | 3 4 5 6 |  6.1
Dodging        | 3 4 5 6 7 |  7.0
Shields        | 1 2 4 6 7 8 |  8.5
Evocations     | 2 3 |  3.6
Short Blades   | 2 |  2.9
Fighting       | |  3.0

Action                   |  1- 3 |  4- 6 |  7- 9 | 10-12 || total
-------------------------+-------+-------+-------+-------++-------
Melee: Spear             |    30 |   254 |   187 |   103 ||   574
       Tentacles         |     7 |    16 |    54 |    21 ||    98
       Constrict         |     6 |    38 |    40 |    25 ||   109
       Rapier            |       |       |    97 |    21 ||   118
Throw: Stone             |       |    13 |     6 |     1 ||    20
Invok: Berserk           |       |     4 |    13 |     5 ||    22
  Use: Potion            |     2 |       |       |       ||     2
       Scroll            |       |       |     6 |       ||     6
 Stab: Sleeping          |     2 |    30 |    17 |     1 ||    50
       Distracted        |       |     1 |     1 |     3 ||     5
Armor: Skin              |       |     9 |    13 |     2 ||    24
Dodge: Dodged            |    14 |   109 |    96 |    45 ||   264
Block: Kite shield       |       |    30 |   102 |    57 ||   189
